 Dungeon Crawl Stone Soup version 0.28.0-53-g5a82cb258f (webtiles) character file.

Game seed: 17719940291172721753

27 Groucho the Sneak (level 2, 0/12 HPs)
             Began as a Felid Transmuter on June 6, 2022.
             Slain by a bat (1 damage)
             ... on level 1 of the Dungeon.
             The game lasted 00:01:53 (1777 turns).

Groucho the Sneak (Felid Transmuter)                Turns: 1777, Time: 00:01:53

Health: 0/12       AC:  1    Str:  6    XL:     2   Next: 93%
Magic:  5/6        EV: 17    Int: 14    God:
Gold:   50         SH:  0    Dex: 16    Spells: 4/5 levels left
                                        Lives:  0   Deaths: 0

rFire   . . .      SeeInvis +     - Unarmed
rCold   . . .      Faith    .   (shield unavailable)
rNeg    . . .      Spirit   .   (armour unavailable)
rPois   .          Reflect  .   (helmet unavailable)
rElec   .          Harm     .   (cloak unavailable)
rCorr   .          Rampage  .   (gloves unavailable)
Will    .....                   (boots unavailable)
Stlth   +++.......              (no amulet)
HPRegen 0.04/turn               (no ring)
MPRegen 0.10/turn               (no ring)

@: appendages (expiring), quick
A: horns 2, very small, claws 1, fangs 3, see invisible, speed 1, shaggy fur 1,
stealthy paws, no weapons or thrown items, no armour, multi-lived
a: End Transformation


You were on level 1 of the Dungeon.
You had temporarily grown beastly horns.
You visited 1 branch of the dungeon, and saw 1 of its levels.

You collected 50 gold pieces.

Inventory:

Scrolls
 a - a scroll of vulnerability {unknown}
 b - a scroll of blinking {unknown}


   Skills:
 - Level 1.0 Fighting
 - Level 2.6 Dodging
 * Level 4.0 Stealth
 - Level 3.0 Unarmed Combat
 - Level 2.0 Spellcasting
 - Level 2.1 Transmutations


You had 4 spell levels left.
You knew the following spells:

 Your Spells              Type           Power      Damage    Failure   Level
a - Beastly Appendage     Tmut           14%        N/A       10%         1

Your spell library contained the following spells:

 Spells                   Type           Power      Damage    Failure   Level
 Wereblood                Tmut           7%         N/A       14%         2
 Spider Form              Tmut/Pois      4%         N/A       41%         3
 Ice Form                 Ice/Tmut       4%         N/A       83%         4


Dungeon Overview and Level Annotations

Branches:
Dungeon (1/15)

Altars:


Innate Abilities, Weirdness & Mutations

You have temporarily grown beastly horns.
You have sharp claws.
You have razor-sharp teeth.
You have supernaturally acute eyesight. (SInv)
You cover ground quickly. (Speed+)
You are covered in fur. (AC +1)
Your paws help you pounce on unaware monsters.
You are incapable of wielding weapons or throwing items.
You cannot wear armour.
You gain extra lives every three experience levels.


Message History

You grow a pair of large bovine horns.
The rat barely misses you.
You scratch the rat.
You kill the rat!
Your Stealth skill increases to level 4!
No target in view!
A bat is nearby!
Your magical contamination has completely faded away.
Your transformation is almost over.
The bat completely misses you.
A quokka and a frilled lizard come into view.
The bat misses you. The bat hits you but does no damage.
You barely miss the bat. The bat hits you but does no damage.
You barely miss the bat. The bat closely misses you.
The bat closely misses you.
Your horns disappear.
The bat barely misses you.
You barely miss the bat. The bat misses you.
You closely miss the bat. The bat closely misses you.
You closely miss the bat. The bat hits you but does no damage.
The quokka bites you.
You scratch the quokka but do no damage.
The bat completely misses you. The quokka bites you.
Casting: Beastly Appendage (safe; 10% risk of failure)
Confirm with . or Enter, or press ? or * to list all spells.
You grow a pair of large bovine horns.
The bat hits you. The quokka misses you. The frilled lizard misses you.
The quokka bites you.
* * * LOW HITPOINT WARNING * * *
The bat misses you. The quokka barely misses you. The bat misses you.
The quokka closely misses you. The bat completely misses you. The bat hits you.
* * * LOW HITPOINT WARNING * * *
The bat misses you.
Your transformation is almost over.
The bat barely misses you.
You scratch the bat. You bite the bat, but do no damage.
The bat is moderately wounded.
The bat hits you but does no damage. The quokka barely misses you.
The bat hits you.
You die...

#.# #.# ......#.#.# #.# #.#
........#.# #.# #.# ........#.#
..# #.# #.......# #.# #.#
#.###.### . #.# #>########. #.#
#.####)#########.#........ #.#
...............#)#.##########.###
.(...........lrb@..............>.
..........................##..#.#
##........####.#####.#....##.....
########.# #.#####.#.#...#.##..
#.####.........#.....#...
#..............###..###..
#..####........####......
#..##................##..
#.....#.......######.##..


You could see a quokka, a bat and a frilled lizard.

Vanquished Creatures
  A dart slug (D:1)
  2 endoplasms (D:1)
  2 giant cockroaches (D:1)
  5 goblins (D:1)
  2 hobgoblins (D:1)
  2 kobolds (D:1)
  2 quokkas (D:1)
  A ball python (D:1)
  A bat (D:1)
  3 rats (D:1)
21 creatures vanquished.

Notes
Turn   | Place    | Note
-------+----------+-------------------------------------------
     0 | D:1      | Groucho the Felid Transmuter began the quest for the Orb.
     0 | D:1      | Reached XP level 1. HP: 9/9 MP: 4/4
   108 | D:1      | Reached skill level 1 in Stealth
   178 | D:1      | Reached skill level 2 in Stealth
   201 | D:1      | Reached XP level 2. HP: 5/12 MP: 4/6
   910 | D:1      | Reached skill level 3 in Stealth
  1753 | D:1      | Reached skill level 4 in Stealth
  1777 | D:1      | Slain by a bat

Illustrated notes

Levels and vault maps discovered:
D:1:      dpeg_arrival_shrine, layout_basic, st_stairs_6, minmay_octomino_c4

Skill      XL: |  1  2 |
---------------+-------+-----
Stealth        | 2 4 |  4.0
Fighting       | |  1.0
Dodging        | |  2.6
Unarmed Combat | |  3.0
Spellcasting   | |  2.0
Transmutations | |  2.1

Action                   || total
-------------------------++-------
Melee: Unarmed           ||    63
       Headbutt          ||     5
       Punch             ||     2
       Bite              ||     5
 Cast: Beastly Appendage ||     8
 Stab: Sleeping          ||     2
Armor: Skin              ||     5
Dodge: Dodged            ||    50
